Map: Redshift LE

Players

IIIIIIIIIII

  • Race: Terran Terran
  • League: Diamond
  • Spawn Location: 7:00

Lonk - Winner!

  • Race: Zerg Zerg
  • League: Platinum
  • Spawn Location: 11:00

VOD

Have the link to the VOD?

Description

Time

  • Played on: July 14, 2018, 1:20 a.m.
  • Length: 22:57
Show
View Real Time Build Order
Export as new Build Order

IIIIIIIIIII Terran 

Build Orders: Banshee Rush 

Get SALT Encoding   

  12  0:00  SCV  
  13  0:12  SCV  
  14  0:17  Supply Depot  
  14  0:24  SCV  
  15  0:28  Refinery  
  15  0:38  SCV  
  16  0:46  Barracks  
  16  0:51  SCV  
  16  0:56  Refinery  
  17  1:03  SCV  
  18  1:15  SCV  
  19  1:27  SCV  
  20  1:35  Bunker  
  20  1:36  Marine  
  20  1:39  SCV  
  22  1:41  Supply Depot  
  22  1:51  Factory  
  22  2:01  SCV  
  23  2:13  SCV  
  24  2:22  Supply Depot  
  24  2:25  SCV  
  25  2:35  Starport, Factory Tech Lab  
  25  2:42  Starport  
  25  2:47  SCV  
  26  3:02  Orbital Command  
  26  3:18  Banshee  
  26  3:19  Cloaking Field  
  29  3:21  Starport Tech Lab  
  29  3:24  Factory Tech Lab  
  29  3:30  SCV  
  30  3:40  Banshee  
  33  3:42  SCV  
  33  3:43  Siege Tank  
  37  3:48  Supply Depot  
  37  3:57  SCV  
  37  4:10  Banshee  
  38  4:20  Supply Depot  
  26  4:41  Supply Depot  
  26  4:42  SCV  
  25  4:54  SCV  
  26  5:25  Supply Depot  
  26  5:36  SCV  
  26  5:38  Siege Tank  
  30  6:05  SCV  
  31  6:17  SCV  
  32  6:29  SCV  
  33  6:41  SCV  
  34  6:53  SCV  
  35  7:05  SCV  
  36  7:17  SCV  
  37  7:35  Siege Tank  
  37  7:36  Banshee x2  
  43  7:42  Supply Depot  
  43  7:43  Supply Depot  
  43  7:45  Command Center  
  43  7:50  Marine  
  44  8:08  Marine  
  45  8:19  SCV  
  52  8:26  Marine  
  53  8:31  SCV  
  48  8:43  SCV  
  48  8:44  Marine  
  48  8:47  Barracks x2  
  50  8:52  Barracks  
  50  8:58  Engineering Bay  
  50  9:00  Orbital Command, Engineering Bay  
  50  9:13  SCV  
  50  9:15  Barracks Reactor  
  51  9:21  Viking  
  51  9:24  Orbital Command  
  53  9:25  SCV  
  54  9:37  SCV  
  55  9:46  Barracks Reactor x3  
  55  9:49  SCV  
  56  10:01  SCV  
  57  10:21  Marine  
  57  10:22  Marine  
  57  10:23  Marine  
  57  10:24  Marine x4  
  64  10:30  Siege Tank  
  67  10:35  Factory  
  67  10:36  Marine  
  68  10:52  Marine x6  
  74  11:05  Siege Tank  
  77  11:15  Marine x8  
  85  11:27  SCV  
  86  12:15  Marine x2, SCV  
  86  12:19  Siege Tank  
  86  12:28  Marine x4  
  86  12:29  Marine  
  91  12:30  Marine  
  91  12:31  Terran Infantry Weapons Level 1  
  91  12:32  Terran Infantry Armor Level 1  
  91  12:33  Marine  
  91  12:36  Refinery  
  93  12:38  Refinery  
  88  13:08  Marine x6  
  88  13:09  Marine x2  
  96  13:17  Orbital Command  
  96  13:29  Marine  
  96  13:30  Marine x3  
  100  14:00  Marine x2  
  102  14:15  Marine x4  
  106  14:31  Siege Tank  
  103  15:09  Marine x5  
  40  20:18  Orbital Command  
Show
View Real Time Build Order
Export as new Build Order

Lonk Zerg - Winner!

Build Orders: Hatch First, Zergling Baneling 

Get SALT Encoding   

  12  0:01  Drone  
  13  0:13  Overlord  
  13  0:17  Drone  
  14  0:32  Drone x2  
  16  0:37  Drone  
  17  0:57  Hatchery  
  17  0:59  Drone  
  17  1:02  Extractor, Drone  
  17  1:17  Spawning Pool  
  16  1:21  Drone  
  17  1:26  Drone  
  17  1:29  Drone  
  19  2:03  Metabolic Boost  
  19  2:04  Zergling x2  
  19  2:05  Zergling x4  
  22  2:08  Queen  
  22  2:09  Queen  
  22  2:11  Overlord  
  26  2:26  Zergling x4, Baneling Nest  
  27  2:34  Zergling x4  
  29  2:49  Zergling x6  
  32  2:53  Overlord  
  32  3:02  Zergling x2  
  32  3:04  Zergling x2  
  34  3:14  Baneling x5  
  34  3:19  Baneling  
  34  3:23  Zergling x10  
  39  3:35  Zergling x8  
  43  3:51  Zergling x2  
  40  4:11  Zergling x6  
  40  4:12  Zergling x2  
  40  4:15  Baneling  
  40  4:16  Baneling x2  
  36  4:29  Zergling x8  
  36  4:30  Zergling x4  
  32  4:39  Zergling x2  
  32  4:45  Baneling x4  
  33  4:47  Baneling x2  
  33  4:52  Drone  
  34  4:53  Spore Crawler  
  34  4:54  Zergling x6  
  27  5:25  Drone x8  
  34  5:30  Spore Crawler  
  33  5:42  Roach Warren  
  31  6:03  Overlord x2  
  31  6:15  Hatchery  
  28  6:28  Queen  
  30  6:34  Spore Crawler  
  30  6:39  Roach x3  
  37  6:40  Roach, Spore Crawler  
  37  6:42  Spore Crawler  
  31  7:04  Queen  
  33  7:08  Roach  
  33  7:09  Roach x3  
  36  7:41  Overlord  
  36  7:45  Drone x4  
  36  7:46  Drone x3  
  43  8:02  Drone x3  
  46  8:06  Drone x4  
  50  8:15  Roach  
  50  8:16  Roach  
  54  8:24  Lair  
  54  8:57  Extractor, Drone  
  54  9:01  Drone x11  
  54  9:02  Extractor  
  64  9:06  Roach x5  
  74  9:27  Overlord x3  
  74  9:29  Hydralisk Den  
  73  9:36  Glial Reconstitution  
  73  9:42  Spore Crawler  
  72  9:50  Extractor  
  71  9:57  Overseer  
  71  9:58  Hydralisk  
  69  10:21  Spore Crawler  
  69  10:27  Queen  
  67  10:29  Hydralisk Den  
  67  10:32  Spore Crawler  
  65  10:57  Hydralisk  
  65  10:58  Hydralisk x2  
  71  11:29  Queen  
  71  11:30  Extractor  
  71  11:32  Extractor  
  68  11:33  Hatchery  
  68  11:35  Hydralisk x2  
  71  11:40  Extractor  
  56  12:36  Hydralisk x4  
  64  13:02  Drone x11  
  64  13:04  Queen  
  77  13:06  Queen  
  77  13:12  Spore Crawler  
  78  13:13  Spore Crawler  
  78  13:19  Pneumatized Carapace  
  77  13:20  Grooved Spines  
  77  13:25  Drone  
  78  13:29  Drone x6  
  84  13:42  Drone x5  
  89  13:49  Drone  
  89  13:51  Overlord  
  89  13:52  Overlord  
  90  13:56  Overseer  
  90  14:13  Hydralisk x8  
  106  14:32  Overlord x3  
  106  14:58  Zergling x20  
  116  15:16  Zergling x10  
  120  15:29  Hydralisk  
  120  15:30  Hydralisk  
  111  16:02  Hatchery  
  64  17:28  Drone x2  
  65  17:49  Spawning Pool  
  58  18:41  Lair  
  58  18:45  Drone x3  
  59  19:54  Spire  
  4  20:31  Queen  
  6  20:39  Hatchery  
  5  21:06  Corruptor x3  
  11  21:45  Corruptor x4  
  19  22:13  Drone  
Tags
 
Add a new tag
Caveats
  • Supply blocks, unpowered buildings, or Contaminate may cause inaccurate times.
  • Supply counts are checked every 10 seconds.